 Dungeon Crawl Stone Soup version 0.22-a0-565-gfc6459a (webtiles) character file.

125 Firecrotchwizard the Chopper (level 5, 0/47 HPs)
             Began as a Hill Orc Fighter on June 28, 2018.
             Slain by Grinder (5 damage)
             ... on level 3 of the Dungeon.
             The game lasted 00:02:47 (2496 turns).

Firecrotchwizard the Chopper (Hill Orc Fighter)     Turns: 2496, Time: 00:02:48

Health: 0/47       AC:  8    Str: 20    XL:     5   Next: 9%
Magic:  14/14      EV:  7    Int:  8    God:
Gold:   148        SH:  9    Dex: 10    Spells: 4/4 levels left

rFire    . . .     SeeInvis .   a - +0 war axe
rCold    . . .     Gourm    .   c - +0 shield
rNeg     . . .     Faith    .   b - +0 scale mail
rPois    .         Spirit   .   (no helmet)
rElec    .         Reflect  .   (no cloak)
rCorr    .         Harm     .   e - +0 pair of gloves
MR       .....                  (no boots)
Stlth    ..........             (no amulet)
HPRegen  0.15/turn              m - ring of magical power {MP+9}
MPRegen  0.14/turn              (no ring)

@: no status effects
A: no striking features
a: no special abilities


You were on level 3 of the Dungeon.
You were not hungry.

You visited 1 branch of the dungeon, and saw 3 of its levels.

You collected 148 gold pieces.

Inventory:

Hand Weapons
 a - a +0 war axe (weapon)
Armour
 b - a +0 scale mail (worn)
 c - a +0 shield (worn)
 e - a +0 pair of gloves (worn)
   (You found it on level 1 of the Dungeon)
Jewellery
 m - a ring of magical power (left hand) {MP+9}
   (You found it on level 1 of the Dungeon)
 s - an uncursed amulet of faith {unknown}
   (You found it on level 2 of the Dungeon)
Scrolls
 h - a scroll of enchant weapon {unknown}
 i - 2 scrolls of fog {unknown}
 j - a scroll of amnesia {unknown}
 k - 4 scrolls of remove curse {unknown}
 l - 2 scrolls of teleportation {unknown}
 n - a scroll of immolation {unknown}
 p - 3 scrolls of identify {unknown}
 q - a scroll of blinking {unknown}
 t - a scroll of enchant armour {unknown}
Potions
 d - a potion of curing {unknown}
 g - a potion of degeneration {unknown}
 o - a potion of agility
 r - 2 potions of heal wounds {unknown}
 u - a potion of berserk rage {unknown}
Comestibles
 f - 6 rations {@e1}
 v - 4 chunks of flesh {@w0}


   Skills:
 + Level 4.6 Fighting
 * Level 5.2 Axes
 - Level 3.2 Armour
 + Level 4.1 Shields


You had 4 spell levels left.
You didn't know any spells.
Your spell library was empty.

Dungeon Overview and Level Annotations

Branches:
Dungeon (3/15)

Altars:
Trog

Annotations:
D:3 Grinder


Message History

You slash the hobgoblin!
You kill the hobgoblin!
No target in view!
A rat comes into view.
A rat is nearby!
The rat bites you but does no damage.
You completely miss the rat. The rat bites you but does no damage.
You slash the rat!
You kill the rat!
No target in view!
You butcher the rat corpse.
u - 2 chunks of flesh {@w0} (gained 1)
You see here a club.
Some of the chunks of flesh in your inventory have rotted away.
Eating a chunk of flesh {@w0}.
You eat the chunk of flesh {@w0}.
u - a lumpy amethyst potion You see here 7 arrows.
A goblin comes into view. It is wielding a dagger.
The goblin shouts!
You miss the goblin. You block the goblin's attack.
You closely miss the goblin. The goblin hits you but does no damage.
You closely miss the goblin. You block the goblin's attack.
You barely miss the goblin. You block the goblin's attack.
The goblin barely misses you.
You slash the goblin!
You kill the goblin!
No target in view!
You see here a dagger.
Found a stone staircase leading up.
Done exploring.
Done exploring.
(D) Dungeon
Where to? (Enter - D:2, ? - help)
You see here a dagger.
There is a stone staircase leading down here.
You climb downwards.
There is a stone staircase leading up here.
A bat comes into view.
A bat is nearby!
You block the bat's attack.
A goblin comes into view.
The goblin shouts!
The bat barely misses you. You block the bat's attack.
You miss the bat. The bat closely misses you.
The bat hits you but does no damage.
You barely miss the bat.
You found a teleport trap!
The bat hits you but does no damage. The bat barely misses you.
You closely miss the bat. The bat closely misses you.
You slash the goblin!
You kill the goblin!
The bat hits you but does no damage. You block the bat's attack.
You hit the bat.
You kill the bat!
No target in view!
You butcher the goblin corpse.
v - a chunk of flesh {@w0} You see here a goblin skeleton. x2
f - 5 rations {@e1} (gained 1)
f - 6 rations {@e1} (gained 1)
A worm comes into view.
The worm moves out of view.
Found a stone staircase leading down.
Grinder comes into view.
Grinder shouts!
Grinder blinks!
There is a stone staircase leading up here.
You start waiting.
The worm is too close now for your liking.
You slash the worm! You slice the worm!!
You kill the worm!
No target in view!
You butcher the worm corpse.
v - 4 chunks of flesh {@w0} (gained 3)
You see here a hunting sling.
Grinder is too close now for your liking.
Grinder hits you.
You take 2 damage, and have 45/47 hp.
You hit Grinder. Grinder hits you.
You writhe in agony.
You take 6 damage, and have 39/47 hp.
You barely miss Grinder. Grinder gestures at you.
Pain shoots through your body! Grinder hits you!
You writhe in agony.
You take 21 damage, and have 18/47 hp.
MASSIVE DAMAGE!!
You slash Grinder!
Grinder blinks!
Unknown command.
Unknown command.
Grinder gestures at you. Pain shoots through your body!
* * * LOW HITPOINT WARNING * * *
You take 13 damage, and have 5/47 hp.
MASSIVE DAMAGE!!
You block Grinder's attack.
You hit Grinder. You block Grinder's attack.
You slash Grinder! Grinder hits you.
You die...

..#......รท....#..##.#
#.#.................#
# #.#.........#...###
.........)...#....#
#........^....#....#
###...........#....#
##..........#....#
#...####......5.#
..... #.#...@..#
.......##.##..$..###
.... ................
#..#.###.....### ....#
...#..# ##...
....#.... # ...>##..##
#....# #.# #....# ..


You could see Grinder.

Vanquished Creatures
  Jessica (D:2)
  3 adders (D:2)
  6 worms
  3 dart slugs
  2 leopard geckos
  5 bats
  A giant cockroach (D:2)
  5 goblins
  6 hobgoblins
  4 jackals (D:1)
  5 kobolds
  A quokka (D:2)
  A ball python (D:2)
  2 frilled lizards
  6 rats
51 creatures vanquished.

Notes
Turn   | Place    | Note
-------+----------+-------------------------------------------
     0 | D:1      | Firecrotchwizard the Hill Orc Fighter began the quest for the Orb.
     0 | D:1      | Reached XP level 1. HP: 19/19 MP: 1/1
    51 | D:1      | Reached skill level 3 in Axes
    54 | D:1      | Reached XP level 2. HP: 27/27 MP: 2/2
   440 | D:1      | Reached skill level 4 in Fighting
   440 | D:1      | Reached XP level 3. HP: 33/33 MP: 3/3
   886 | D:2      | Found a bloodstained altar of Trog.
   895 | D:2      | Reached skill level 4 in Axes
  1041 | D:2      | Noticed Jessica
  1067 | D:2      | HP: 8/33 [poisoned by an adder]
  1069 | D:2      | Reached XP level 4. HP: 10/40 MP: 4/4
  1070 | D:2      | Killed Jessica
  1075 | D:2      | HP: 8/41 [poisoned by an adder]
  1082 | D:2      | HP: 7/41 [poisoned by an adder]
  1388 | D:2      | Reached skill level 4 in Shields
  1655 | D:2      | Reached skill level 5 in Axes
  2016 | D:2      | Reached XP level 5. HP: 47/47 MP: 5/5
  2440 | D:3      | Noticed Grinder
  2493 | D:3      | HP: 5/47 [Grinder/nerve-wracking pain (14)]
  2496 | D:3      | Slain by Grinder

Vault maps used:
D:1:      evilmike_arrival_run_for_it
D:2:      bloody_trog, nicolae_overflow_hidden_temple, serial_curves,
          eino_curves_04, eino_curves_01, st_stairs_4, amethyst_killhole,
          kennysheep_generic_room_2, uniq_jessica
D:3:      first_ration, chequers_ecumenical_altar_lobes, uniq_grinder

Skill      XL: |  1  2  3  4 |
---------------+-------------+-----
Axes           | 3 4 5 |  5.2
Fighting       | 4 |  4.6
Shields        | 4 |  4.1
Armour         | |  3.2

Action                   |  1- 3 |  4- 6 || total
-------------------------+-------+-------++-------
Melee: War axe           |   105 |    58 ||   163
  Use: Potion            |     1 |       ||     1
  Eat: Chunk             |     1 |     4 ||     5
Armor: Scale mail        |    43 |    21 ||    64
Dodge: Dodged            |    29 |    24 ||    53
Block: Shield            |    53 |    27 ||    80

Table legend:
 A = Spawn XP
 B = Non-spawn XP
 C = Spawn XP percentage of total XP
 D = Spawn monster count
 E = Non-spawn monster count
 F = Spawn count percentage of total count
 G = Total turns spent on level
                    A         B        C        D         E        F      G
               +---------+---------+-------+---------+---------+-------+---------
         Total |       0 |     179 |   0.0 |       0 |      51 |   0.0 |  2496
               +---------+---------+-------+---------+---------+-------+---------
           D:1 |       0 |      42 |   0.0 |       0 |      21 |   0.0 |   886
           D:2 |       0 |     129 |   0.0 |       0 |      27 |   0.0 |  1524
           D:3 |       0 |       8 |   0.0 |       0 |       3 |   0.0 |    86
               +---------+---------+-------+---------+---------+-------+---------

Vault maps used:
D:1:      evilmike_arrival_run_for_it
D:2:      bloody_trog, nicolae_overflow_hidden_temple, serial_curves,
          eino_curves_04, eino_curves_01, st_stairs_4, amethyst_killhole,
          kennysheep_generic_room_2, uniq_jessica
D:3:      first_ration, chequers_ecumenical_altar_lobes, uniq_grinder

Table legend:
 A = Turns spent in this place as a percentage of turns spent in the entire game.
 B = Non-inter-level travel turns spent in this place as a percentage of non-inter-level travel turns spent in the entire game.
 C = Inter-level travel turns spent in this place as a percentage of turns spent in this place.
 D = Turns resting spent in this place as a percentage of non-inter-level travel turns spent in this place.
 E = Turns spent auto-exploring this place as a percentage of non-inter-level travel turns spent in this place.
 F = Non-inter-level travel turns spent in this place divided by the number of levels of this place that you've seen.
                   A       B       C       D       E      F
               +-------+-------+-------+-------+-------+----------------------
         Total | 100.0 | 100.0 |   3.2 |  32.9 |  51.8 | 805.0
       Dungeon | 100.0 | 100.0 |   3.2 |  32.9 |  51.8 | 805.0
               +-------+-------+-------+-------+-------+----------------------

Table legend:
 A = Kills in this place as a percentage of kills in entire the game.
 B = Kills by you in this place as a percentage of kills by you in the entire game.
 C = Kills by friends in this place as a percentage of kills by friends in the entire game.
 D = Other kills in this place as a percentage of other kills in the entire game.
 E = Experience gained in this place as a percentage of experience gained in the entire game.
 F = Experience gained in this place divided by the number of levels of this place that you have seen.
                   A       B       C       D       E      F
               +-------+-------+-------+-------+-------+----------------------
         Total | 100.0 | 100.0 |   N/A |   N/A | 100.0 |  59.7
       Dungeon | 100.0 | 100.0 |   N/A |   N/A | 100.0 |  59.7
               +-------+-------+-------+-------+-------+----------------------
